 Dungeon Crawl Stone Soup version 0.29-a0-717-g6dac4ea423 (webtiles) character file.

Game seed: 4190818820445319940

9 blackman the Sneak (level 2, 0/24 HPs)
             Began as a Human Delver on June 26, 2022.
             Slain by an iguana (10 damage)
             ... on level 6 of the Dungeon.
             The game lasted 00:02:15 (360 turns).

blackman the Sneak (Human Delver)                    Turns: 360, Time: 00:02:16

Health: 0/24       AC:  3    Str: 12    XL:     2   Next: 20%
Magic:  2/2        EV: 12    Int: 10    God:
Gold:   5          SH:  0    Dex: 14    Spells: 1/1 levels left

rFire   . . .      SeeInvis .   h - +2 great sword (pain)
rCold   . . .      Faith    .   (shield currently unavailable)
rNeg    . . .      Spirit   .   b - +0 leather armour
rPois   .          Reflect  .   (no helmet)
rElec   .          Harm     .   (no cloak)
rCorr   .          Rampage  .   (no gloves)
Will    .....                   (no boots)
Stlth   +++.......              (no amulet)
HPRegen 0.08/turn               (no ring)
MPRegen 0.08/turn               (no ring)

@: no status effects
A: no striking features
a: no special abilities


You were on level 6 of the Dungeon.
You visited 1 branch of the dungeon, and saw 2 of its levels.

You collected 5 gold pieces.

Inventory:

Hand Weapons
 a - a +0 hand axe
 h - a +2 great sword of pain (weapon)
Armour
 b - a +0 leather armour (worn)
Wands
 g - a wand of digging (3)
Scrolls
 c - a scroll of fog
 d - a scroll of blinking {unknown}
 e - a scroll of fear
Potions
 f - 2 potions of haste


   Skills:
 - Level 3.0 Fighting
 + Level 2.8 Axes
 - Level 2.0 Dodging
 - Level 5.0 Stealth


You had one spell level left.
You didn't know any spells.
Your spell library was empty.

Dungeon Overview and Level Annotations

Branches:
Dungeon (6/15)
 Temple: D:4-7

Altars:
Nemelex Xobeh


Message History

h - a +2 great sword of pain (weapon)
There is an open door here.
You see here 5 gold pieces.
The helpless adder fails to defend itself.
You slash the adder!
The adder is severely wounded.
The adder bites you.
You are poisoned.
The adder poisons you! The adder bites you.
You miss the adder.
The adder is severely wounded.
You feel very sick. The adder bites you. The adder misses you.
You slash the adder!
You kill the adder!
You feel sick.
You have reached level 2!
You start resting.
You feel sick. x3
You are no longer poisoned.
You start resting.
HP restored.
You now have 5 gold pieces.
There are no items here.
You open the door.
There is an open door here.
Found a sharpened bronze wand.
Found 12 gold pieces.
Found 17 gold pieces.
An iguana comes into view.
Found a stone staircase leading down.
The iguana hisses angrily.
The iguana bites you.
You barely miss the iguana. The iguana barely misses you. x2
You slash the iguana!
The iguana is heavily wounded.
The iguana bites you! The iguana barely misses you.
You closely miss the iguana.
The iguana is heavily wounded.
The iguana bites you!
You die...

..........##.. ..# .
......#....#.##..#......
.##..##...##............
.##..#..................
##.............##.......
..$............##.......
........#...............
.......##.......$.......
..../.. ###.....@l.....#
....... #............#
|...$ #..#..#......##
... ......######..# ...
.>.....# ## .?. ........
##. ....... . .....


You could see an iguana.

Vanquished Creatures
  An adder (D:6)
1 creature vanquished.

Notes
Turn   | Place    | Note
-------+----------+-------------------------------------------
     0 | D:5      | blackman the Human Delver began the quest for the Orb.
     0 | D:5      | Reached XP level 1. HP: 18/18 MP: 1/1
    13 | D:5      | Noticed an iguana
    20 | D:5      | Found a sparkling altar of Nemelex Xobeh.
    53 | D:6      | Noticed a jelly
   124 | D:6      | Noticed a howler monkey
   170 | D:6      | Reached XP level 2. HP: 15/24 MP: 2/2
   360 | D:6      | Slain by an iguana

Illustrated notes

Levels and vault maps discovered:
D:5:      layout_loops_cross, mainiacjoe_overflow_surrounded_room
D:6:      layout_cave_pools, led_sif_book, nicolae_overflow_crystal_walls,
          mainiacjoe_overflow_tiny_flanked, ebering_ghost_sewer_d,
          kennysheep_path_1

Action                   || total
-------------------------++-------
Melee: Great sword       ||     6
  Use: Scroll            ||     1
 Stab: Sleeping          ||     1
Dodge: Dodged            ||     4

Table legend: (Time is in decaauts)
 A = Elapsed time spent in this place.
 B = Non-inter-level travel time spent in this place.
 C = Inter-level travel time spent in this place.
 D = Time resting spent in this place.
 E = Time spent auto-exploring this place.
 F = Levels seen in this place.
 G = Mean time per level.
                   A        B        C        D        E       F      G
               +--------+--------+--------+--------+--------+-----+--------+
         Total |    362 |    343 |     19 |    150 |      0 |   2 |  181.0 |
       Dungeon |    362 |    343 |     19 |    150 |      0 |   2 |  181.0 |
               +--------+--------+--------+--------+--------+-----+--------+

Top non-repeatable levels by time:
     D:6: 309 daAuts
     D:5: 53 daAuts
